Map: Blackpink LE

Players

Erfeyah - Winner!

  • Race: Terran Terran
  • Spawn Location: 1:00

A.I. 1 (Easy)

  • Race: Zerg Zerg
  • Spawn Location: 7:00

VOD

Have the link to the VOD?

Description

Time

  • Played on: Nov. 28, 2017, 3:28 p.m.
  • Length: 13:15
Show
View Real Time Build Order
Export as new Build Order

Erfeyah Terran - Winner!

Build Orders:  

Get SALT Encoding   

  12  0:02  SCV  
  13  0:19  SCV  
  13  0:21  Supply Depot  
  14  0:31  SCV  
  15  0:52  Barracks  
  15  1:01  Supply Depot  
  15  1:02  SCV  
  16  1:08  Refinery  
  16  1:14  SCV  
  17  1:28  Supply Depot  
  17  1:33  SCV  
  18  1:45  SCV  
  19  1:51  Supply Depot  
  19  1:56  Barracks  
  19  1:57  SCV  
  20  2:08  Supply Depot  
  20  2:09  SCV  
  21  2:22  SCV  
  22  2:24  Marine  
  23  2:34  SCV  
  24  2:42  Marine  
  25  2:45  Supply Depot  
  25  2:47  SCV  
  26  2:53  Marine  
  27  2:59  SCV, Marine  
  29  3:10  Command Center  
  29  3:11  SCV  
  30  3:14  Marine  
  31  3:23  SCV  
  32  3:35  SCV  
  33  3:56  Supply Depot  
  33  4:02  Barracks  
  33  4:05  Marine  
  33  4:06  Marine  
  35  4:23  Marine x2  
  37  4:45  SCV  
  38  4:53  SCV  
  38  4:55  Marine x3  
  38  4:57  SCV  
  43  5:05  SCV  
  44  5:09  SCV  
  44  5:13  Marine x3  
  48  5:17  SCV, Refinery  
  48  5:30  Marine  
  48  5:31  Marine  
  50  5:48  Marine x3  
  53  5:50  SCV x2  
  53  5:51  Command Center  
  55  6:02  SCV  
  56  6:05  Marine, Refinery  
  57  6:11  SCV  
  57  6:12  Marine  
  57  6:13  Marine  
  57  6:14  SCV  
  61  6:23  SCV, Marine  
  63  6:30  Marine x2  
  63  6:36  SCV  
  63  6:37  SCV  
  65  6:41  Marine  
  66  6:48  SCV, Marine x2  
  66  6:49  SCV, Factory  
  70  6:59  Marine  
  70  7:00  SCV  
  72  7:06  Marine x2  
  74  7:17  Marine  
  75  7:24  Marine x2  
  77  7:30  SCV  
  77  7:31  SCV x2  
  77  7:34  Marine  
  81  7:41  Marine  
  81  7:42  SCV, Marine  
  81  7:43  SCV x2  
  86  7:52  Marine  
  86  7:54  SCV  
  86  7:56  SCV x2  
  90  7:59  Marine x2  
  92  8:08  SCV  
  92  8:10  Starport, Marine  
  95  8:14  Starport  
  95  8:17  Marine  
  96  8:28  SCV  
  96  9:03  Marine x3  
  96  9:07  Medivac  
  101  9:19  Supply Depot  
  101  9:30  Supply Depot  
  101  9:40  Marine x3  
  101  9:41  Medivac x2  
  101  9:42  Supply Depot  
  108  9:51  Starport  
  108  9:53  Supply Depot  
  108  10:00  Marine x3  
  108  10:04  Supply Depot  
  111  10:10  Medivac x2  
  115  10:16  Supply Depot  
  115  10:17  Marine  
  115  10:18  Marine x2  
  118  10:27  Supply Depot  
  118  10:35  Marine x2  
  117  10:36  Marine  
  117  10:40  Medivac x2  
  123  10:52  SCV  
  123  10:53  SCV x2, Marine x3  
  123  10:56  Medivac  
  131  11:10  Medivac x2  
  131  11:11  Marine x3  
  138  11:26  Medivac  
  138  11:29  Marine x3  
  143  11:40  Medivac x2  
  143  11:43  SCV x2  
  143  11:44  SCV  
  143  11:46  Marine  
  143  11:47  Marine x2  
  153  11:56  Medivac  
  152  12:04  Marine x2  
  154  12:10  Medivac  
  156  12:19  Viking  
  155  12:26  Medivac  
Show
View Real Time Build Order
Export as new Build Order

A.I. 1 (Easy) Zerg 

Build Orders: Pool First 

Get SALT Encoding   

  12  0:00  Drone  
  13  0:12  Overlord  
  13  0:17  Drone  
  14  0:30  Drone  
  14  0:34  Drone  
  16  0:42  Spawning Pool  
  15  0:44  Drone  
  15  0:47  Extractor  
  15  0:50  Drone  
  16  0:58  Overlord  
  16  1:30  Zergling x2, Queen  
  19  1:33  Roach Warren  
  19  1:34  Drone, Extractor  
  18  1:41  Drone  
  18  1:43  Zergling x2  
  20  2:02  Overlord  
  20  2:14  Roach  
  22  2:15  Drone  
  23  2:24  Drone  
  24  2:34  Drone  
  25  2:37  Roach  
  25  2:39  Drone  
  25  2:43  Drone  
  29  2:47  Drone  
  30  2:56  Overlord  
  30  3:08  Roach  
  32  5:22  Lair, Drone, Roach, Overlord  
  32  5:26  Drone  
  36  5:30  Drone  
  36  5:35  Drone  
  38  6:19  Overseer x2  
  38  6:21  Hydralisk Den  
  38  6:25  Zergling x2  
  30  6:37  Hatchery  
  30  6:38  Drone  
  30  6:43  Roach  
  32  7:02  Roach  
  34  7:20  Roach  
  36  7:38  Hydralisk  
  38  7:49  Drone  
  39  7:53  Drone  
  39  7:57  Hydralisk  
  39  7:58  Drone  
  43  8:02  Drone, Extractor  
  43  8:04  Extractor  
  42  8:06  Drone  
  42  8:11  Drone  
  44  8:15  Drone  
  44  8:19  Drone  
  46  8:23  Drone  
  47  8:28  Drone  
  47  8:32  Drone  
  49  8:37  Drone  
  50  8:41  Drone  
  50  8:45  Drone  
  52  8:50  Drone  
  52  8:51  Overlord  
  52  8:54  Drone  
  54  8:58  Drone  
  55  9:03  Drone  
  55  9:07  Drone  
  57  9:11  Drone  
  57  9:15  Drone  
  59  9:20  Drone  
  60  9:58  Overseer, Pneumatized Carapace  
  60  9:59  Roach, Overlord  
  62  10:01  Evolution Chamber  
  61  10:13  Roach  
  63  10:17  Overlord  
  63  10:26  Hydralisk  
  63  10:28  Zerg Melee Weapons Level 1  
  62  10:39  Hydralisk  
  54  10:47  Overseer, Overlord  
  54  10:54  Zergling x2  
  54  10:55  Infestation Pit  
  54  11:07  Roach  
  56  11:21  Roach  
  58  11:34  Roach  
  60  11:48  Roach  
  61  12:00  Overlord  
  49  12:01  Hydralisk  
  51  12:15  Infestor  
  51  12:21  Drone  
  39  12:25  Drone  
  39  12:27  Queen  
  39  12:29  Zergling x2  
  25  12:30  Drone  
  25  12:34  Drone  
  22  12:38  Drone  
  22  12:39  Evolution Chamber  
  22  12:43  Overseer, Drone, Roach  
  25  12:47  Drone  
  25  12:48  Overseer  
  23  12:52  Drone  
  23  12:53  Overlord  
  23  12:58  Overseer  
  16  12:59  Drone  
Tags
 
Matchup
TvZ
Opening
Pool First
Spawn Locations
Cross Positions
Add a new tag
Caveats
  • Supply blocks, unpowered buildings, or Contaminate may cause inaccurate times.
  • Supply counts are checked every 10 seconds.